TOP OF THE 1ST |
---|
Randall HS Raiders batting - Pitching for Broken Arrow HS : RHP Bill Murphy | Pitching: RHP Bill Murphy | | Batting: RHB Tony Burhoe | 0-0: SOLO HOME RUN (Flyball, 9LD), Distance : 344 ft | Batting: LHB Buddy Jones | 0-0: Called Strike 0-1: Ball 1-1: Ground out 4-3 (Groundball, 4) | Batting: LHB Robert Wright | 0-0: Called Strike 0-1: Swinging Strike 0-2: Strikes out swinging | Batting: RHB John Zhu | 0-0: Called Strike 0-1: Ball 1-1: Foul Ball, location: 2F 1-2: Strikes out swinging | Top of the 1st over - 1 run, 1 hit, 0 errors, 0 left on base; Randall HS 1 - Broken Arrow HS 0 | BOTTOM OF THE 1ST |
---|
Broken Arrow HS batting - Pitching for Randall HS Raiders : RHP Robin Owens | Pitching: RHP Robin Owens | | Batting: RHB Bo Long | 0-0: Ball 1-0: Ball 2-0: Ball 3-0: Called Strike 3-1: Base on Balls | Batting: RHB Donnie Bryan | 0-0: Called Strike 0-1: Ball 1-1: Ball 2-1: SINGLE (Groundball, 56D) Bo Long to second | Batting: LHB Brian Lawson | 0-0: Ball 1-0: Fielders Choice at 2nd, 1-6 (Groundball, 13S) Bo Long to third | Batting: RHB Alejandro Vélez | 0-0: Foul Ball, location: 2F 0-1: Foul Ball, location: 2F 0-2: Ball 1-2: Foul Ball, location: 2F 1-2: Fly out, F5 (Line Drive, 5) | Batting: LHB James Carlson | 0-0: Ball 1-0: Called Strike 1-1: Swinging Strike 1-2: Foul Ball, location: 2F 1-2: Ball 2-2: Ball 3-2: Foul Ball, location: 2F 3-2: Base on Balls Brian Lawson to second | Batting: RHB Paul Dowd | 0-0: Ball 1-0: Called Strike 1-1: Ball 2-1: Swinging Strike 2-2: Ground out 1-3 (Groundball, 13) | Bottom of the 1st over - 0 runs, 1 hit, 0 errors, 3 left on base; Randall HS 1 - Broken Arrow HS 0 | TOP OF THE 2ND |
---|
Randall HS Raiders batting - Pitching for Broken Arrow HS : RHP Bill Murphy | Batting: SHB Keith Ryan | 0-0: Ground out 6-3 (Groundball, 6) | Batting: RHB Cory Douglas | 0-0: Swinging Strike 0-1: DOUBLE (Line Drive, 7) | Batting: RHB Jesús Salazar | 0-0: Ball 1-0: Ball 2-0: Called Strike 2-1: Foul Ball, location: 2F 2-2: Foul Ball, location: 2F 2-2: Ball 3-2: Ground out 5-3 (Groundball, 56) | Batting: RHB Brody Sexton | 0-0: Fly out, F5 (Popup, 56S) | Top of the 2nd over - 0 runs, 1 hit, 0 errors, 1 left on base; Randall HS 1 - Broken Arrow HS 0 | BOTTOM OF THE 2ND |
---|
Broken Arrow HS batting - Pitching for Randall HS Raiders : RHP Robin Owens | Batting: RHB James Thompson | 0-0: Called Strike 0-1: Ball 1-1: Foul Ball, location: 2F 1-2: Foul Ball, location: 2F 1-2: Ball 2-2: SINGLE (Flyball, 7S) | Batting: RHB Keith Dailey | 0-0: Ball 1-0: Ball 2-0: Ball 3-0: Called Strike 3-1: Called Strike 3-2: Base on Balls James Thompson to second | Batting: RHB Ramón Santos | 0-0: Called Strike 0-1: Ball 1-1: Fly out, F4 (Popup, 4) | Batting: RHB Bo Long | 0-0: Ball 1-0: Foul Ball, location: 2F 1-1: Foul Ball, location: 2F 1-2: Ball 2-2: Ball 3-2: Fly out, F7 (Flyball, 7S) | Batting: RHB Donnie Bryan | 0-0: Fly out, F5 (Line Drive, 5F) | Bottom of the 2nd over - 0 runs, 1 hit, 0 errors, 2 left on base; Randall HS 1 - Broken Arrow HS 0 | TOP OF THE 3RD |
---|
Randall HS Raiders batting - Pitching for Broken Arrow HS : RHP Bill Murphy | Batting: RHB Luis Sánchez | 0-0: Swinging Strike 0-1: Ball 1-1: Called Strike 1-2: Ball 2-2: DOUBLE (Flyball, 78D) | Batting: RHB Tony Burhoe | 0-0: Called Strike 0-1: Called Strike 0-2: Ground out 5-3 (Groundball, 5) | Batting: LHB Buddy Jones | 0-0: Ball 1-0: Ball 2-0: Called Strike 2-1: Swinging Strike 2-2: Foul Ball, location: 2F 2-2: Ball 3-2: Strikes out swinging | Batting: LHB Robert Wright | 0-0: Ball 1-0: Fly out, F6 (Line Drive, 6M) | Top of the 3rd over - 0 runs, 1 hit, 0 errors, 1 left on base; Randall HS 1 - Broken Arrow HS 0 | BOTTOM OF THE 3RD |
---|
Broken Arrow HS batting - Pitching for Randall HS Raiders : RHP Robin Owens | Batting: LHB Brian Lawson | 0-0: Called Strike 0-1: Foul Ball, location: 2F 0-2: Foul Ball, location: 2F 0-2: Ball 1-2: Ball 2-2: Single, Error in OF, E8, batter to second base | Batting: RHB Alejandro Vélez | 0-0: Ball 1-0: Called Strike 1-1: Foul Ball, location: 2F 1-2: Ball 2-2: Ball 3-2: Base on Balls | Batting: LHB James Carlson | 0-0: Ball 1-0: Swinging Strike 1-1: Ball 2-1: Foul Ball, location: 2F 2-2: Fielders Choice at 2nd, 1-4 (Groundball, 15S) Brian Lawson to third | Batting: RHB Paul Dowd | 0-0: Called Strike 0-1: Ball 1-1: Ball Wild Pitch! Brian Lawson scores James Carlson to second 2-1: SINGLE (Groundball, 6D) James Carlson to third Runner from 3rd tries for Home, SAFE, throw made home | Batting: RHB James Thompson | 0-0: Ball 1-0: Called Strike 1-1: Ball 2-1: SINGLE (Line Drive, 7LS) Paul Dowd to second | Batting: RHB Keith Dailey | 0-0: Called Strike 0-1: SINGLE (Groundball, 4MD) Paul Dowd to third James Thompson to second Runner from 3rd tries for Home, SAFE, throw made home | Batting: RHB Ramón Santos | 0-0: Ball 1-0: Ball 2-0: Called Strike 2-1: Fly out, F4 (Popup, 13) | Batting: RHB Bo Long | 0-0: Ball Wild Pitch! James Thompson to third Keith Dailey to second 1-0: Foul Ball, location: 2F 1-1: Ball 2-1: Foul Ball, location: 2F 2-2: Foul Ball, location: 2F 2-2: Foul Ball, location: 2F 2-2: Foul Ball, location: 2F 2-2: Foul Ball, location: 2F 2-2: Ball 3-2: Foul Ball, location: 2F 3-2: Foul Ball, location: 2F 3-2: SINGLE (Line Drive, 34) James Thompson scores Keith Dailey to third Keith Dailey scores | Batting: RHB Donnie Bryan | 0-0: Ball Bo Long is caught stealing 2nd base | Bottom of the 3rd over - 5 runs, 5 hits, 1 error, 0 left on base; Randall HS 1 - Broken Arrow HS 5 | TOP OF THE 4TH |
---|
Randall HS Raiders batting - Pitching for Broken Arrow HS : RHP Bill Murphy | Batting: RHB John Zhu | 0-0: Ball 1-0: Ball 2-0: Foul Ball, location: 2F 2-1: Foul Ball, location: 2F 2-2: Ball 3-2: Foul Ball, location: 2F 3-2: Foul Ball, location: 2F 3-2: Foul Ball, location: 2F 3-2: Base on Balls | Batting: SHB Keith Ryan | 0-0: Called Strike 0-1: Called Strike 0-2: Strikes out looking | Batting: RHB Cory Douglas | 0-0: Called Strike 0-1: Called Strike 0-2: Foul Ball, location: 2F 0-2: Ball 1-2: Fielders Choice at 2nd, 1-6 (Groundball, 13) | Batting: RHB Jesús Salazar | 0-0: Foul Ball, location: 2F 0-1: Ball Throwing error on steal attempt, E2 Cory Douglas to third 1-1: Called Strike 1-2: Ball 2-2: Ground out 3-1 (Groundball, 34) | Top of the 4th over - 0 runs, 0 hits, 1 error, 1 left on base; Randall HS 1 - Broken Arrow HS 5 | BOTTOM OF THE 4TH |
---|
Broken Arrow HS batting - Pitching for Randall HS Raiders : RHP Robin Owens | Batting: RHB Donnie Bryan | 0-0: Ball 1-0: Ground out 5-3 (Groundball, 56) | Batting: LHB Brian Lawson | 0-0: Ball 1-0: Ball 2-0: Foul Ball, location: 2F 2-1: Ball 3-1: Base on Balls | Batting: RHB Alejandro Vélez | 0-0: Grounds into double play, 4-6-3 (Groundball, 4) | Bottom of the 4th over - 0 runs, 0 hits, 0 errors, 0 left on base; Randall HS 1 - Broken Arrow HS 5 | TOP OF THE 5TH |
---|
Randall HS Raiders batting - Pitching for Broken Arrow HS : RHP Bill Murphy | Batting: RHB Brody Sexton | 0-0: Called Strike 0-1: Swinging Strike 0-2: Strikes out swinging | Batting: RHB Luis Sánchez | 0-0: Ball 1-0: Ball 2-0: Ball 3-0: Base on Balls | Batting: RHB Tony Burhoe | 0-0: Called Strike 0-1: Ball 1-1: Ball 2-1: Ball 3-1: Base on Balls Luis Sánchez to second | Batting: LHB Buddy Jones | 0-0: Ball 1-0: Foul Ball, location: 2F 1-1: Foul Ball, location: 2F 1-2: Foul Ball, location: 2F 1-2: Foul Ball, location: 2F 1-2: Fly out, F9 (Flyball, 9S) | Batting: LHB Robert Wright | 0-0: Called Strike 0-1: Swinging Strike 0-2: Strikes out swinging | Top of the 5th over - 0 runs, 0 hits, 0 errors, 2 left on base; Randall HS 1 - Broken Arrow HS 5 | BOTTOM OF THE 5TH |
---|
Broken Arrow HS batting - Pitching for Randall HS Raiders : RHP Robin Owens | Batting: LHB James Carlson | 0-0: Ball 1-0: Ball 2-0: SINGLE (Groundball, 34D) | Batting: RHB Paul Dowd | 0-0: Ball 1-0: Ball 2-0: Called Strike 2-1: Foul Ball, location: 2F 2-2: Ball 3-2: Foul Ball, location: 2F 3-2: Foul Ball, location: 2F 3-2: Base on Balls James Carlson to second | Batting: RHB James Thompson | 0-0: Ball 1-0: Ground out U3 (Groundball, 3S) James Carlson to third Paul Dowd to second | Batting: RHB Keith Dailey | 0-0: Called Strike 0-1: SINGLE (Groundball, 34D) James Carlson scores Paul Dowd to third Runner from 3rd tries for Home, SAFE, throw made home | Pitching: LHP George Knight | | Batting: RHB Ramón Santos | 0-0: Called Strike Balk! Keith Dailey to second 0-1: Foul Ball, location: 2F 0-2: Ball 1-2: Strikes out swinging | Batting: RHB Bo Long | 0-0: Called Strike 0-1: Ball 1-1: Called Strike 1-2: Reached on error, E5 (Groundball, 5) Keith Dailey to third | Batting: RHB Donnie Bryan | 0-0: Fly out, F7 (Flyball, 7) | Bottom of the 5th over - 2 runs, 2 hits, 1 error, 2 left on base; Randall HS 1 - Broken Arrow HS 7 | TOP OF THE 6TH |
---|
Randall HS Raiders batting - Pitching for Broken Arrow HS : RHP Bill Murphy | Pitching: RHP Elvin Pierce | | Batting: RHB John Zhu | 0-0: Ball 1-0: Ball 2-0: Foul Ball, location: 2F 2-1: Ball 3-1: Reached on error, E1 (Groundball, 13) | Batting: SHB Keith Ryan | 0-0: Swinging Strike 0-1: Ball 1-1: Foul Ball, location: 2F 1-2: Ball 2-2: Ball 3-2: Foul Ball, location: 2F 3-2: Base on Balls John Zhu to second | Batting: RHB Cory Douglas | 0-0: Ball 1-0: Ball 2-0: Swinging Strike 2-1: Ball 3-1: Base on Balls John Zhu to third Keith Ryan to second | Batting: RHB Jesús Salazar | 0-0: Called Strike 0-1: Ball 1-1: Foul Ball, location: 2F 1-2: Fielders Choice at 2nd, 3-6 (Groundball, 3) John Zhu scores Keith Ryan to third | Batting: RHB Brody Sexton | 0-0: Ball 1-0: Called Strike 1-1: Fly out, F9 (Line Drive, 89M) | Batting: RHB Luis Sánchez | 0-0: Ball 1-0: Ball 2-0: Ball 3-0: Called Strike 3-1: Base on Balls Jesús Salazar to second | Batting: RHB Tony Burhoe | 0-0: Called Strike 0-1: Ball 1-1: Swinging Strike 1-2: Foul Ball, location: 2F 1-2: Strikes out swinging | Top of the 6th over - 1 run, 0 hits, 1 error, 3 left on base; Randall HS 2 - Broken Arrow HS 7 | BOTTOM OF THE 6TH |
---|
Broken Arrow HS batting - Pitching for Randall HS Raiders : LHP George Knight | Batting: LHB Brian Lawson | 0-0: Ball 1-0: Ball 2-0: Ball 3-0: Base on Balls | Batting: RHB Alejandro Vélez | 0-0: Ball 1-0: Ball 2-0: Ball 3-0: Called Strike 3-1: Base on Balls Brian Lawson to second | Batting: LHB James Carlson | 0-0: Swinging Strike 0-1: Called Strike 0-2: Foul Ball, location: 2F 0-2: Fly out, F4 (Line Drive, 4) | Batting: RHB Paul Dowd | 0-0: Called Strike 0-1: Ball 1-1: Foul Ball, location: 2F 1-2: Ball 2-2: Foul Ball, location: 2F 2-2: Ball 3-2: Base on Balls Brian Lawson to third Alejandro Vélez to second | Batting: RHB James Thompson | 0-0: Grounds into double play, 4-2-3 (Groundball, 34) | Bottom of the 6th over - 0 runs, 0 hits, 0 errors, 2 left on base; Randall HS 2 - Broken Arrow HS 7 | TOP OF THE 7TH |
---|
Randall HS Raiders batting - Pitching for Broken Arrow HS : RHP Elvin Pierce | Batting: LHB Buddy Jones | 0-0: Foul Ball, location: 2F 0-1: Ball 1-1: Swinging Strike 1-2: Ball 2-2: Foul Ball, location: 2F 2-2: Strikes out swinging | Batting: LHB Robert Wright | 0-0: Foul Ball, location: 2F 0-1: Called Strike 0-2: SINGLE (Line Drive, 34) | Batting: RHB John Zhu | 0-0: Foul Ball, location: 2F 0-1: Foul Ball, location: 2F 0-2: Ball 1-2: Fielders Choice at 2nd, 4-6 (Groundball, 4) | Batting: SHB Keith Ryan | 0-0: Ball 1-0: Ground out 4-3 (Groundball, 4) | Top of the 7th over - 0 runs, 1 hit, 0 errors, 1 left on base; Randall HS 2 - Broken Arrow HS 7 | BOTTOM OF THE 7TH |
---|
Broken Arrow HS batting - Pitching for Randall HS Raiders : LHP George Knight | Batting: RHB Keith Dailey | 0-0: Ball 1-0: Ball 2-0: Ball 3-0: Called Strike 3-1: Base on Balls | Batting: RHB Ramón Santos | 0-0: Called Strike 0-1: Foul Ball, location: 2F 0-2: SINGLE (Flyball, 89S) Keith Dailey to second | Batting: RHB Bo Long | 0-0: Hit by Pitch Keith Dailey to third Ramón Santos to second | Batting: RHB Donnie Bryan | 0-0: Ball 1-0: Called Strike 1-1: Ball 2-1: Swinging Strike 2-2: Foul Ball, location: 2F 2-2: Foul Ball, location: 2F 2-2: Ball 3-2: Foul Ball, location: 2F 3-2: Base on Balls Keith Dailey scores Ramón Santos to third Bo Long to second | Batting: LHB Brian Lawson | 0-0: Foul Ball, location: 2F 0-1: Foul Ball, location: 2F 0-2: Grounds into double play, 5-4-3 (Groundball, 56D) Ramón Santos scores Bo Long to third | Batting: RHB Alejandro Vélez | 0-0: Ball 1-0: Ball 2-0: Ball 3-0: Foul Ball, location: 2F 3-1: SINGLE (Line Drive, 6MD) Bo Long scores | Batting: LHB James Carlson | 0-0: Ball 1-0: Foul Ball, location: 2F 1-1: Ball 2-1: Foul Ball, location: 2F 2-2: Ball 3-2: SINGLE (Groundball, 34D) Alejandro Vélez to second Alejandro Vélez to third | Pitching: LHP Stanley Matthews | | Batting: RHB Paul Dowd | 0-0: Ball 1-0: Ball 2-0: Ball 3-0: Called Strike 3-1: Called Strike 3-2: Strikes out swinging | Bottom of the 7th over - 3 runs, 3 hits, 0 errors, 2 left on base; Randall HS 2 - Broken Arrow HS 10 | TOP OF THE 8TH |
---|
Randall HS Raiders batting - Pitching for Broken Arrow HS : RHP Elvin Pierce | Batting: RHB Cory Douglas | 0-0: DOUBLE (Flyball, 89D) | Batting: RHB Jesús Salazar | 0-0: Ball 1-0: Ball 2-0: Called Strike 2-1: Swinging Strike 2-2: 2-RUN HOME RUN (Flyball, 7LD), Distance : 360 ft | Batting: RHB Brody Sexton | 0-0: Called Strike 0-1: Foul Ball, location: 2F 0-2: Ball 1-2: SINGLE (Flyball, 78M) | Batting: RHB Luis Sánchez | 0-0: Fly out, F8 (Flyball, 8RM) | Batting: RHB Tony Burhoe | 0-0: Ball 1-0: Called Strike 1-1: Swinging Strike 1-2: Strikes out swinging | Batting: LHB Buddy Jones | 0-0: Called Strike 0-1: SINGLE (Groundball, 4MD) Brody Sexton to second | Batting: LHB Robert Wright | 0-0: Called Strike 0-1: Ball 1-1: Called Strike 1-2: Ball 2-2: Foul Ball, location: 2F 2-2: Ball 3-2: Strikes out swinging | Top of the 8th over - 2 runs, 4 hits, 0 errors, 2 left on base; Randall HS 4 - Broken Arrow HS 10 | BOTTOM OF THE 8TH |
---|
Broken Arrow HS batting - Pitching for Randall HS Raiders : LHP Stanley Matthews | Batting: RHB James Thompson | 0-0: Swinging Strike 0-1: Foul Ball, location: 2F 0-2: Strikes out looking | Batting: RHB Keith Dailey | 0-0: Ball 1-0: Called Strike 1-1: SINGLE (Flyball, 9LM) - OUT at second base trying to stretch hit. | Batting: RHB Ramón Santos | 0-0: Ball 1-0: Foul Ball, location: 2F 1-1: Ball 2-1: Ground out 6-3 (Groundball, 6) | Bottom of the 8th over - 0 runs, 1 hit, 0 errors, 0 left on base; Randall HS 4 - Broken Arrow HS 10 | TOP OF THE 9TH |
---|
Randall HS Raiders batting - Pitching for Broken Arrow HS : RHP Elvin Pierce | Pitching: RHP Wes Jordan | | Now at 3B: Daniel Conner | | Batting: RHB John Zhu | 0-0: SINGLE (Line Drive, 9S) | Batting: SHB Keith Ryan | 0-0: Swinging Strike 0-1: Ball 1-1: Foul Ball, location: 2F 1-2: Foul Ball, location: 2F 1-2: Strikes out swinging | Batting: RHB Cory Douglas | 0-0: Ground out 5-3 (Groundball, 56S) John Zhu to second | Batting: RHB Jesús Salazar | 0-0: Ball 1-0: Ball 2-0: Ball 3-0: Base on Balls | Batting: RHB Brody Sexton | 0-0: Foul Ball, location: 2F 0-1: Ball 1-1: Ball 2-1: Ball 3-1: Fly out, F4 (Popup, 23) | Top of the 9th over - 0 runs, 1 hit, 0 errors, 2 left on base; Randall HS 4 - Broken Arrow HS 10 | |